Map: [ESL] Ghost River

Players

Dolan - Winner!

  • Race: Terran Terran
  • Spawn Location: 11:00

DisK

  • Race: Protoss Protoss
  • Spawn Location: 1:00

Event: ESL SC2 Masters 2024 Spring (Regional)

VOD

Have the link to the VOD?

Description

Time

  • Played on: April 20, 2024, 12:29 p.m.
  • Length: 27:29

All games in this series

Show
View Real Time Build Order
Export as new Build Order

Dolan Terran - Winner!

Build Orders: Banshee Rush 

Get SALT Encoding   

  12  0:00  SCV  
  13  0:12  SCV  
  14  0:16  Supply Depot  
  14  0:24  SCV  
  15  0:38  SCV, Barracks  
  16  0:42  Refinery  
  16  0:50  SCV  
  16  0:51  Refinery  
  17  1:02  SCV  
  17  1:03  Supply Depot  
  18  1:14  SCV  
  19  1:25  Reaper  
  20  1:26  Orbital Command  
  20  1:39  Factory  
  20  1:52  SCV  
  21  2:02  Barracks Reactor  
  21  2:05  SCV  
  22  2:14  Command Center  
  22  2:17  SCV  
  23  2:27  Supply Depot  
  23  2:44  Hellion x2  
  23  2:49  SCV  
  23  2:50  Starport  
  28  2:52  Barracks Tech Lab  
  27  3:06  SCV, Hellion x2  
  32  3:18  SCV  
  33  3:34  Cloaking Field, Banshee, Marine x2  
  33  3:37  Factory Tech Lab  
  33  3:39  SCV  
  33  3:41  Orbital Command  
  39  4:02  Marine x2  
  37  4:03  SCV  
  37  4:07  Siege Tank  
  37  4:08  SCV  
  40  4:15  SCV  
  40  4:19  Bunker  
  40  4:20  SCV, Supply Depot  
  40  4:21  Marine x2  
  41  4:25  Banshee  
  44  4:35  SCV  
  44  4:36  SCV  
  46  4:39  Siege Tank  
  46  4:41  Marine x2  
  51  4:47  SCV  
  51  4:48  SCV  
  53  5:00  Barracks x2  
  53  5:06  SCV x2  
  55  5:09  Marine x2  
  55  5:13  Supply Depot  
  57  5:19  SCV x2  
  57  5:20  Siege Tank  
  62  5:32  Refinery  
  62  5:33  Engineering Bay  
  62  5:34  Refinery, Marine x2  
  62  5:35  SCV x2  
  66  5:37  Supply Depot  
  66  5:40  Starport Reactor  
  66  5:47  SCV x2  
  67  5:52  Marine x2  
  69  6:01  Factory Reactor  
  69  6:02  Stimpack, Marauder  
  71  6:10  Marine x2  
  73  6:12  Marauder  
  73  6:13  SCV x2  
  73  6:16  Supply Depot x2  
  77  6:23  Marauder  
  77  6:25  SCV x2  
  81  6:28  Marine x2  
  80  6:36  Medivac x2, Marauder  
  80  6:37  SCV x2  
  80  6:38  Widow Mine x2  
  92  6:43  Supply Depot  
  92  6:44  Supply Depot, Marauder  
  92  6:46  Marine x2  
  96  6:57  Marauder  
  96  7:00  Widow Mine x2  
  102  7:04  Marine x2  
  102  7:06  Marauder  
  102  7:08  Terran Infantry Weapons Level 1  
  104  7:28  Marauder, Marine x2  
  104  7:29  Barracks Tech Lab  
  102  7:36  Widow Mine x2, Medivac x2  
  112  7:37  SCV x2  
  112  7:41  Combat Shield  
  112  7:47  Command Center  
  112  7:49  Marine x2, Marauder  
  112  7:50  Marauder  
  118  7:53  SCV  
  118  7:54  SCV  
  107  8:05  SCV  
  107  8:06  SCV, Concussive Shells  
  107  8:11  Barracks x2  
  109  8:18  SCV x2  
  100  8:30  SCV x2  
  100  8:31  Marine x2  
  100  8:32  Marauder x2  
  103  8:40  Widow Mine x2, Medivac x2  
  97  8:42  SCV x2  
  96  8:54  SCV x2  
  98  8:56  Armory, Engineering Bay  
  98  8:58  Ghost Academy  
  98  9:02  Terran Infantry Armor Level 1  
  98  9:06  SCV x2  
  100  9:10  Barracks Tech Lab, Refinery  
  100  9:11  Barracks Reactor, Refinery, Marine x2, Marauder x2  
  100  9:14  Widow Mine  
  100  9:16  Widow Mine  
  110  9:27  Orbital Command  
  110  9:28  SCV x2  
  107  9:44  Marauder x3, Marine x2  
  109  9:50  Marine x2  
  109  9:51  Terran Infantry Weapons Level 2  
  111  9:59  Bunker  
  111  10:00  Supply Depot  
  111  10:01  Supply Depot  
  111  10:03  Widow Mine  
  111  10:04  Widow Mine  
  111  10:06  Supply Depot  
  115  10:12  Missile Turret  
  115  10:15  Ghost x2  
  115  10:16  Missile Turret  
  115  10:17  Ghost  
  115  10:18  Missile Turret  
  121  10:24  Marine x4  
  125  10:33  Widow Mine x2, Medivac x2  
  133  10:45  Command Center  
  133  10:49  Missile Turret  
  133  10:54  Marauder  
  133  10:55  Sensor Tower, Ghost, Marauder  
  139  11:07  Marine x4  
  139  11:10  Widow Mine x2  
  149  11:13  Terran Infantry Armor Level 2  
  149  11:15  Ghost  
  149  11:16  Marauder  
  151  11:24  Marine, Marauder  
  154  11:26  SCV x3  
  154  11:27  Barracks x2  
  154  11:28  Barracks  
  157  11:40  Supply Depot  
  157  11:50  Marine  
  157  11:52  Marauder  
  157  11:54  Marine x2  
  157  11:55  Ghost, Marauder  
  157  11:59  Marine  
  157  12:01  Widow Mine x2  
  155  12:06  Medivac  
  155  12:08  Marine  
  158  12:13  Marauder  
  147  12:16  Ghost  
  123  12:24  Marauder  
  123  12:28  Marine x2  
  115  12:31  Marine  
  115  12:34  Ghost  
  112  12:38  Marine  
  112  12:40  Widow Mine  
  112  12:41  Marine x3  
  118  12:45  Ghost, Marauder  
  118  12:46  Marine x2  
  118  12:49  Marine  
  125  12:56  Marine  
  126  13:02  Barracks Tech Lab, Barracks Reactor x2  
  126  13:03  Medivac x2, Ghost  
  132  13:07  Marauder  
  134  13:13  Ghost  
  134  13:15  Marine x4  
  134  13:17  Widow Mine x2  
  144  13:27  Command Center  
  144  13:28  Missile Turret, Marauder  
  144  13:29  Planetary Fortress  
  144  13:30  Missile Turret  
  144  13:32  Marauder  
  144  13:33  Marine x2  
  150  13:34  Ghost  
  150  13:35  Marine  
  150  13:40  Marine  
  150  13:41  Marine x2  
  156  13:44  Refinery  
  156  13:45  SCV x3  
  156  13:46  Refinery  
  156  13:48  Terran Infantry Weapons Level 3  
  159  14:04  Ghost, Marine x2  
  159  14:05  Marauder x2  
  158  14:13  Widow Mine x2, Medivac x2  
  158  14:14  Marauder, Marine x3  
  169  14:27  Ghost, Marine  
  172  14:34  Marauder  
  172  14:36  Marine  
  172  14:38  Marine  
  172  14:39  Marauder x2  
  172  14:44  Marine x3  
  173  14:46  Marine x3  
  173  14:47  Terran Infantry Armor Level 3  
  176  14:54  Marine  
  176  14:56  Marauder x2  
  176  14:59  Supply Depot  
  181  15:00  Supply Depot  
  181  15:01  Marine, Marauder x2  
  181  15:02  Missile Turret  
  186  15:17  Marine  
  186  15:20  Marine  
  186  15:21  Marauder x2  
  192  15:22  Marauder  
  190  15:34  Marauder, Marine x2  
  194  15:36  Supply Depot  
  194  15:42  Marauder  
  183  15:51  Marauder, Marine x2  
  183  15:52  Marauder  
  189  16:02  Planetary Fortress  
  189  16:03  SCV x3  
  191  16:09  Fusion Core  
  184  16:15  Ghost x2  
  184  16:16  Marauder x2, Marine x3  
  195  16:24  Marine x2  
  195  16:37  Ghost, Marauder, Marine x2  
  190  16:42  Neosteel Armor  
  190  16:44  Marauder x2  
  194  16:48  Command Center  
  194  16:54  Caduceus Reactor, Marine  
  194  16:58  Ghost  
  194  16:59  Sensor Tower  
  197  17:06  Marauder  
  199  17:24  Hi-Sec Auto Tracking  
  199  17:27  Marauder  
  199  17:39  Terran Ship Weapons Level 1  
  199  17:45  Barracks  
  199  17:47  Barracks  
  199  17:48  Barracks  
  199  17:54  Marine  
  200  17:59  Starport  
  200  18:02  Starport, Orbital Command  
  194  18:51  Medivac x4  
  197  19:01  Missile Turret  
  187  19:03  Ghost, Marine  
  187  19:04  Marauder x2  
  194  19:15  Refinery  
  194  19:16  Barracks Tech Lab x2, Barracks Reactor  
  194  19:17  Refinery, Advanced Ballistics  
  194  19:20  Liberator  
  194  19:21  Liberator  
  194  19:37  Ghost  
  194  19:38  Marauder x3, Marine x4  
  180  19:39  Marauder  
  183  19:49  Marine x2  
  183  19:50  Marauder, Marine  
  185  19:59  Liberator x2, Marauder  
  193  20:00  Marauder  
  193  20:01  Terran Ship Weapons Level 2  
  193  20:03  Liberator x2  
  199  20:11  Orbital Command  
  199  20:20  Marine  
  186  20:32  Marauder x3, Marine x4  
  186  20:33  Marauder  
  177  20:39  Marine x2  
  177  20:40  Marauder x2, Marine x2  
  177  20:42  Liberator x2  
  182  20:46  Liberator  
  182  20:49  Marine  
  180  20:53  Marauder  
  180  20:54  Marauder x2  
  186  20:58  SCV x4  
  186  21:01  Liberator, Ghost  
  186  21:02  Marine  
  186  21:03  Marauder x2  
  200  21:18  Missile Turret  
  200  21:20  Command Center x2  
  192  21:58  Liberator  
  192  21:59  Marauder  
  192  22:00  Marine  
  200  22:01  Ghost  
  198  22:17  Terran Vehicle And Ship Armor Level 1  
  189  22:30  Liberator  
  189  22:31  Liberator x2  
  189  22:42  Liberator  
  190  22:52  Ghost  
  190  22:53  Marauder, Marine  
  164  23:03  Ghost  
  164  23:04  Marauder x3, Marine x4  
  164  23:05  Widow Mine x2  
  167  23:09  Marine  
  165  23:13  Liberator x2  
  165  23:15  Marauder  
  168  23:22  Marauder  
  169  23:27  Liberator  
  169  23:28  Liberator, Ghost x2  
  169  23:29  Marauder, Marine x6  
  169  23:30  Orbital Command  
  169  23:33  Marauder  
  189  23:36  Marauder  
  191  23:56  Liberator x2  
  195  24:09  Ghost, Marine  
  197  24:10  Marauder  
  192  24:41  Liberator x2  
  178  24:59  Orbital Command  
  170  25:33  SCV  
  170  25:34  SCV x4  
  169  25:45  SCV  
  145  25:50  Marauder, Marine x3  
  145  25:51  Marauder x2  
  145  25:54  SCV x4  
  152  26:05  Marine x2  
  152  26:06  Marauder, Marine x2  
  152  26:07  Liberator x4  
  152  26:09  Widow Mine x2  
  173  26:12  Marauder x3  
  172  26:21  Marine x3  
  172  26:22  Orbital Command  
  155  26:26  Ghost  
  155  26:29  Marine x2  
  155  26:30  Marine  
  155  26:32  Ghost x2  
  154  26:33  Marauder  
  154  26:38  Marine x2  
  154  26:39  Marine  
  161  26:53  Marine x4  
  165  26:54  Marine  
  165  26:55  Medivac x2, Marauder  
  165  26:56  Medivac, Marine x2, Marauder  
  165  26:58  Widow Mine x2  
  182  27:02  Marauder  
Show
View Real Time Build Order
Export as new Build Order

DisK Protoss 

Build Orders: 1 Gate Expand, Blink Stalkers 

Get SALT Encoding   

  12  0:00  Probe  
  13  0:12  Probe  
  14  0:18  Pylon  
  14  0:24  Probe  
  15  0:36  Gateway  
  15  0:37  Probe (Chrono Boost)  
  16  0:46  Probe (Chrono Boost)  
  16  0:47  Assimilator  
  17  0:51  Probe (Chrono Boost)  
  18  1:03  Probe  
  19  1:15  Probe  
  20  1:23  Cybernetics Core  
  22  1:32  Nexus  
  20  1:35  Probe  
  21  1:40  Pylon  
  21  1:48  Probe  
  21  1:49  Assimilator  
  22  1:57  Stalker (Chrono Boost)  
  22  2:00  Probe  
  25  2:06  Warp Gate  
  25  2:12  Probe  
  26  2:23  Stalker  
  26  2:25  Probe  
  30  2:37  Probe  
  30  2:44  Probe  
  31  2:49  Probe  
  31  2:50  Twilight Council  
  31  2:51  Gateway  
  32  2:56  Probe  
  32  2:58  Pylon  
  33  3:01  Probe  
  33  3:05  Shield Battery  
  33  3:11  Shield Battery  
  33  3:20  Probe x2  
  33  3:26  Blink (Chrono Boost)  
  35  3:27  Gateway  
  35  3:34  Probe  
  35  3:36  Probe  
  37  3:44  Robotics Facility  
  37  3:47  Probe  
  38  3:53  Stalker  
  36  4:02  Probe x2 (Chrono Boost)  
  37  4:08  Stalker  
  39  4:14  Probe x2 (Chrono Boost)  
  41  4:22  Probe x2 (Chrono Boost)  
  43  4:27  Stalker  
  43  4:28  Probe  
  46  4:31  Pylon  
  46  4:43  Nexus  
  46  4:46  Observer  
  46  4:49  Probe x2  
  46  4:52  Stalker  
  51  4:55  Pylon  
  51  5:01  Probe x2  
  52  5:14  Probe x2  
  54  5:15  Gateway  
  52  5:23  Stalker  
  52  5:26  Probe x2  
  52  5:28  Stalker  
  58  5:33  Observer  
  58  5:38  Probe x2  
  58  5:42  Pylon  
  61  5:43  Charge  
  61  5:46  Gateway  
  61  5:50  Probe  
  61  5:54  Probe  
  61  5:55  Gateway x2  
  63  5:59  Probe  
  63  6:02  Gateway  
  64  6:08  Stalker  
  59  6:14  Probe (Chrono Boost)  
  59  6:17  Probe (Chrono Boost)  
  59  6:18  Observer  
  61  6:24  Probe (Chrono Boost)  
  60  6:28  Probe (Chrono Boost)  
  60  6:30  Probe (Chrono Boost)  
  58  6:32  Probe (Chrono Boost)  
  58  6:33  Probe (Chrono Boost)  
  58  6:36  Zealot, Sentry  
  58  6:37  Zealot x2  
  58  6:39  Probe  
  68  6:41  Observer  
  68  6:43  Probe  
  68  6:46  Pylon  
  69  6:50  Zealot x2  
  69  6:53  Probe (Chrono Boost)  
  74  6:55  Probe (Chrono Boost)  
  74  6:57  Pylon  
  75  7:03  Zealot, Sentry  
  75  7:04  Zealot  
  75  7:08  Shield Battery, Probe (Chrono Boost)  
  82  7:14  Observer  
  82  7:23  Probe  
  82  7:28  Zealot x7  
  97  7:34  Zealot  
  99  7:38  Pylon  
  99  7:39  Pylon  
  99  7:43  Probe  
  99  7:44  Probe  
  101  7:52  Pylon  
  101  7:57  Zealot x4  
  101  7:58  Zealot  
  79  8:06  Zealot x3  
  79  8:08  Probe x3  
  72  8:20  Zealot x4  
  72  8:27  Zealot x3  
  78  8:32  Zealot  
  66  8:44  Zealot x4, Observer  
  66  8:45  Probe  
  71  8:49  Zealot x3  
  71  8:54  Sentry  
  79  8:58  Probe  
  79  8:59  Probe x2  
  82  9:04  Templar Archives  
  82  9:07  Zealot x2, Sentry x2  
  90  9:11  Zealot, Probe x2  
  90  9:15  Forge  
  90  9:16  Zealot  
  96  9:20  Zealot  
  96  9:23  Zealot, Psionic Storm  
  100  9:27  Zealot x2  
  100  9:30  Observer  
  104  9:31  Protoss Ground Weapons Level 1 (Chrono Boost)  
  102  9:39  Observer  
  102  9:43  Zealot x6  
  112  9:49  Assimilator  
  112  9:50  Assimilator  
  112  9:57  Pylon  
  112  9:58  High Templar  
  114  10:06  Pylon  
  114  10:12  Probe x3  
  114  10:13  Nexus  
  117  10:16  Warp Prism (Chrono Boost)  
  117  10:19  High Templar  
  121  10:28  Zealot x4, High Templar  
  129  10:30  Probe x2  
  129  10:32  Pylon  
  133  10:36  Observer  
  133  10:42  Stalker x2  
  133  10:43  Pylon  
  137  10:53  Zealot x4  
  137  10:54  Probe  
  137  10:56  Probe  
  147  10:57  Probe  
  147  11:04  Shield Battery  
  148  11:07  Stalker x2  
  151  11:12  Zealot x2  
  151  11:13  Zealot  
  151  11:17  Pylon  
  151  11:33  Zealot x7  
  151  11:34  Protoss Ground Armor Level 1  
  157  11:59  Stalker x7  
  157  12:00  Stalker  
  155  12:05  Robotics Bay  
  129  12:28  Zealot x7  
  129  12:29  Zealot  
  131  12:30  Warp Prism (Chrono Boost)  
  123  12:42  Probe x3  
  116  12:49  Gateway  
  116  12:55  Nexus  
  116  12:56  Zealot x8  
  132  13:00  Robotics Facility  
  132  13:02  Disruptor (Chrono Boost)  
  132  13:04  Pylon  
  136  13:14  Pylon  
  136  13:18  High Templar  
  136  13:19  High Templar x2  
  142  13:20  High Templar  
  142  13:21  High Templar  
  142  13:25  Zealot x3  
  152  13:33  Pylon, Disruptor (Chrono Boost)  
  156  13:43  Protoss Ground Weapons Level 2 (Chrono Boost)  
  156  13:45  Pylon  
  156  13:51  Assimilator  
  156  13:52  Assimilator  
  156  13:55  Zealot x9  
  171  14:08  Disruptor  
  175  14:14  Pylon  
  175  14:18  Zealot x3  
  175  14:20  Disruptor (Chrono Boost)  
  173  14:41  Disruptor (Chrono Boost)  
  173  14:42  Zealot x6  
  173  14:43  Zealot x3  
  193  14:53  Disruptor (Chrono Boost)  
  193  14:59  Dark Shrine  
  193  15:10  Disruptor  
  197  15:26  Stalker x2  
  197  15:45  Colossus  
  195  15:50  Protoss Ground Armor Level 2 (Chrono Boost)  
  195  16:09  High Templar x2  
  197  16:12  Zealot  
  197  16:14  Shadow Stride (Chrono Boost)  
  199  16:26  Nexus  
  199  16:28  Pylon  
  199  16:29  Pylon  
  197  16:33  Pylon  
  195  16:50  Extended Thermal Lance (Chrono Boost)  
  195  16:51  Photon Cannon  
  195  16:52  Photon Cannon  
  195  16:53  Photon Cannon  
  195  16:54  Shield Battery  
  195  16:55  Observer, Shield Battery  
  195  16:57  Colossus  
  200  17:11  Pylon  
  200  17:20  Pylon  
  200  17:41  Protoss Ground Weapons Level 3 (Chrono Boost), Photon Cannon x2  
  200  17:52  Pylon, Nexus  
  200  18:12  Pylon, Shield Battery  
  200  18:13  Shield Battery  
  200  18:19  Disruptor x2  
  190  18:31  Zealot x5  
  198  19:01  Disruptor x2  
  190  19:14  Photon Cannon  
  190  19:15  Zealot x6  
  190  19:16  Photon Cannon  
  180  19:40  Zealot x6  
  180  19:41  Stalker x3  
  194  19:55  Assimilator  
  194  19:57  Assimilator  
  186  20:01  Dark Templar x3  
  186  20:02  Dark Templar x3  
  186  20:05  Protoss Ground Armor Level 3 (Chrono Boost)  
  198  20:09  Nexus  
  198  20:10  Pylon  
  173  20:41  Dark Templar x3  
  173  20:42  Dark Templar x6  
  165  20:54  Colossus (Chrono Boost)  
  153  21:09  Gateway  
  153  21:11  Gateway  
  153  21:13  Gateway  
  153  21:14  Gateway  
  153  21:16  Zealot x9  
  166  21:40  Stalker x9  
  169  22:02  Assimilator x2  
  166  22:15  Pylon  
  162  22:24  Stalker x3  
  162  22:25  Zealot x10  
  149  22:50  Zealot x10  
  149  22:51  Zealot x3  
  145  23:02  Colossus x2 (Chrono Boost)  
  123  23:11  Stalker x3  
  123  23:12  Stalker x4  
  149  23:13  Zealot x3  
  149  23:24  Probe x3  
  142  23:53  Zealot x3  
  145  24:01  Observer  
  139  24:04  High Templar x4  
  141  24:20  High Templar x4  
  147  24:48  Archon  
  135  24:59  Pylon  
  131  25:00  Pylon  
  131  25:04  Gateway  
  111  26:00  Gateway  
  111  26:02  Gateway  
  111  26:03  Pylon x2  
  87  26:38  Nexus  
  87  26:40  Observer  
  87  26:47  Pylon  
  87  26:55  Pylon  
Tags
 
Add a new tag
Caveats
  • Supply blocks, unpowered buildings, or Contaminate may cause inaccurate times.
  • Supply counts are checked every 10 seconds.